 Dungeon Crawl Stone Soup version 0.31-a0-219-g8d62b2e7bb (webtiles) character file.

Game seed: 15470028434472271504

47343 mobinator the Bludgeoner (level 14, -26/129 HPs)
             Began as a Minotaur Berserker on July 3, 2023.
             Was a High Priest of Trog.
             Annihilated by an ettin
             ... wielding a +0 dire flail
              (33 damage)
             ... on level 15 of the Dungeon.
             The game lasted 01:28:03 (17337 turns).

mobinator the Bludgeoner (Minotaur Berserker)      Turns: 17337, Time: 01:28:04

Health: -26/129    AC: 22    Str: 38    XL:     14   Next: 8%
Magic:  13/13      EV: 11    Int:  4    God:    Trog [*****.]
Gold:   1454       SH: 11    Dex:  8    Spells: 13/13 levels left

rFire   + . .        D - +3 morningstar "Pugerofak" {flame, rPois rF+ rN+ Dex-3}
rCold   + . .        w - +0 kite shield
rNeg    + . .        J - +3 plate armour {rC+}
rPois   +            p - +1 hat
rElec   .            U - +0 cloak
rCorr   .            x - +0 pair of gloves
SInv    .            (no boots)
Will    +....        u - amulet of the acrobat Stlth
                     j - +6 ring of strength
HPRegen 0.41/turn    S - +6 ring of strength
MPRegen 0.13/turn

%: acrobat
@: mighty, hasted, very quick
A: horns 2, retaliatory headbutt
a: Renounce Religion, Berserk, Trog's Hand, Brothers in Arms


You were on level 15 of the Dungeon.
You worshipped Trog.
Trog was extremely pleased with you.
You visited 1 branch of the dungeon, and saw 15 of its levels.

You collected 1607 gold pieces.
You spent 153 gold pieces at shops.

Inventory:

Hand Weapons
 B - a +2 flail of freezing
 D - the +3 morningstar "Pugerofak" (weapon) {flame, rPois rF+ rN+ Dex-3}
   (You bought it in a shop on level 6 of the Dungeon)

   Dex:       It affects your dexterity (-3).
   rF:        It protects you from fire.
   rPois:     It protects you from poison.
   rN:        It protects you from negative energy.
 M - a +4 morningstar of freezing
Armour
 p - a +1 hat (worn)
 s - a +2 chain mail of cold resistance
 w - a +0 kite shield (worn)
 x - a +0 pair of gloves (worn)
 E - a +0 hat of intelligence
 J - a +3 plate armour of cold resistance (worn)
 Q - a +1 troll leather armour {Snorg}
 U - a +0 cloak (worn)
Jewellery
 e - a ring of protection from fire
 j - a +6 ring of strength (left hand)
 q - a +6 ring of intelligence
 u - an amulet of the acrobat (around neck)
 v - an amulet of regeneration
 y - a ring of positive energy
 C - a ring of protection from fire
 F - a +4 ring of protection
 R - a +6 ring of dexterity
 S - a +6 ring of strength (right hand)
Wands
 f - a wand of paralysis (15)
 t - a wand of light (2)
 z - a wand of digging (9)
 H - a wand of polymorph (7)
 K - a wand of mindburst (4)
 P - a wand of flame (4)
Scrolls
 a - 3 scrolls of revelation
 b - 3 scrolls of fear
 i - 6 scrolls of teleportation
 k - 3 scrolls of poison
 l - 5 scrolls of fog
 r - a scroll of brand weapon
 I - 6 scrolls of identify
 O - a scroll of blinking {unknown}
 V - a scroll of immolation {unknown}
Potions
 d - 8 potions of curing
 g - a potion of cancellation {unknown}
 h - 5 potions of lignification
 m - 2 potions of might
 n - 4 potions of enlightenment
 o - 2 potions of haste
 A - a potion of berserk rage
 G - 2 potions of attraction
 L - a potion of mutation {unknown}
 N - a potion of resistance {unknown}
Miscellaneous
 T - a box of beasts (inert)


   Skills:
 + Level 13.0 Fighting
 - Level 16.0 Maces & Flails
 + Level 12.6 Armour
 + Level 11.4 Dodging
 + Level 12.5 Shields
 + Level 3.7 Evocations


You had 13 spell levels left.
You didn't know any spells.
Your spell library was empty.

Dungeon Overview and Level Annotations

Branches:
Dungeon (15/15)            Temple (0/1) D:7            Lair (0/5) D:9
    Orc (0/2) D:11         Vaults (0/5) D:13
 Depths: D:15

Altars:
Elyvilon
Fedhas
Gozag
Hepliaklqana
Kikubaaqudgha
Makhleb
Nemelex Xobeh
Qazlal
Xom
Yredelemnul
Zin
The Shining One

Shops:
D:1 (   D:6 *:   D:12 (

Annotations:
D:3 Senseless's Ghost, senseless's ghost, amateur DrTm
D:8 2 transporters, nono's ghost, journeyman FoCA
D:9 Torious's Ghost, Torious's ghost, journeyman DECj


Innate Abilities, Weirdness & Mutations

You have a pair of horns on your head.
You reflexively headbutt those who attack you in melee.


Message History

The necromancer attacks as you move away!
You block the necromancer's attack. The ettin attacks as you move away!
The ettin hits you with a +0 dire flail!!
* * * LOW HITPOINT WARNING * * *
You block the ettin's attack.
The necromancer attacks as you move away!
The necromancer hits you but does no damage.
The necromancer attacks as you move away!
The necromancer barely misses you. The ettin attacks as you move away!
You block the ettin's attack. The ettin completely misses you.
The necromancer attacks as you move away!
The necromancer barely misses you. You furiously retaliate!
You headbutt the necromancer. The ettin attacks as you move away!
The ettin hits you but does no damage.
The ettin hits you with a +0 dire flail!!
* * * LOW HITPOINT WARNING * * *
The necromancer casts a spell at you. The bolt of negative energy misses you.
The ettin attacks as you move away! You block the ettin's attack.
The ettin closely misses you.
You feel much better.
The ettin hits you with a +0 dire flail.
* * * LOW HITPOINT WARNING * * *
The ettin closely misses you.
You feel very mighty all of a sudden.
The necromancer mumbles some strange words.
The necromancer binds the souls of nearby monsters.
The ettin barely misses you. You block the ettin's attack.
You feel yourself speed up.
The skeletal warrior hits you from afar with a +0 glaive!
* * * LOW HITPOINT WARNING * * *
The necromancer gestures at you while chanting.
Your body is wracked with pain!
* * * LOW HITPOINT WARNING * * *
The ettin hits you with a +0 dire flail.
* * * LOW HITPOINT WARNING * * *
The ettin hits you with a +0 dire flail!!
You die...

#................#...#...#.
##########.......#...###.#.
#........#............)#...
#........#.............#...
#........#.............#...
#........#.............#...
#........#..z..........##.#
#........#.p...............
#........#@C...............
#.............######...#...
#.............#....#...#...
#.............#....#...#...
#.............#....#...#C..
#............)#....#...#...
#..................#...#...
#..................#.......
#..................#.....(.


You could see an ettin (soul bound), a skeletal warrior and a necromancer.

Vanquished Creatures
  Gastronok (D:8)
  Snorg (D:14)
  An ogre mage (D:13)
  5 boulder beetles
  4 hydras
  A catoblepas (D:14)
  10 centaur warriors
  6 two-headed ogres
  A tengu warrior (D:15)
  A shadow wraith (D:14)
  3 skeletal warriors (D:15)
  Lodul (D:11)
  A wizard (D:15)
  A deep troll (D:15)
  An orc knight (D:14)
  4 cyclopes
  2 deep elf pyromancers
  An orc sorcerer (D:15)
  2 manticores (D:14)
  13 ugly things
  Maurice (D:12)
  5 gargoyles
  3 unseen horrors
  2 kobold demonologists
  Psyche (D:9)
  A komodo dragon (D:9)
  A freezing wraith (D:14)
  3 efreet (D:14)
  A troll (D:9)
  A wind drake (shapeshifter) (D:14)
  Prince Ribbit (D:7)
  A blink frog (shapeshifter) (D:15)
  A wolf spider simulacrum (D:14)
  A snapping turtle (shapeshifter) (D:14)
  A slime creature (D:14)
  A jumping spider (shapeshifter) (D:14)
  2 shadows (D:11)
  A spriggan (D:11)
  5 wraiths
  16 yaks
  2 wyverns
  A steam dragon (D:8)
  2 basilisks (D:14)
  A vampire (D:8)
  3 vampire mosquitoes
  2 water moccasins (D:7)
  An acid dragon (D:12)
  2 ice beasts
  2 sky beasts (D:7)
  7 orc warriors
  A boggart (D:14)
  10 ogres
  10 centaurs
  A phantom (D:6)
  2 kobold brigands
  5 bullfrogs
  A gnoll sergeant (D:9)
  2 scorpions
  12 wights
  10 killer bees (D:9)
  5 howler monkeys
  3 jellies
  2 hounds (D:4)
  5 orc priests
  2 iguanas
  7 orc wizards
  Robin (D:4)
  9 gnolls
  6 adders
  A white imp (D:3)
  A worm (shapeshifter) (D:14)
  2 worms (D:2)
  A dart slug (D:1)
  45 orcs
  8 ball pythons
  8 endoplasms
  A giant cockroach (D:3)
  20 goblins
  13 hobgoblins
  2 jackals (D:1)
  13 kobolds
  4 quokkas
  8 bats
  3 frilled lizards
  2 butterflies
358 creatures vanquished.

Notes
Turn   | Place    | Note
-------+----------+-------------------------------------------
     0 | D:1      | mobinator the Minotaur Berserker began the quest for the
                  | Orb.
     0 | D:1      | Reached XP level 1. HP: 19/19 MP: 0/0
   377 | D:1      | Reached XP level 2. HP: 27/27 MP: 1/1
   412 | D:1      | Reached skill level 4 in Maces & Flails
   509 | D:1      | Found Kaekhloce's Weapon Emporium.
   589 | D:1      | Found a faded altar of an unknown god.
  1001 | D:2      | Reached XP level 3. HP: 32/33 MP: 2/2
  1178 | D:2      | Reached ** piety under Trog
  1293 | D:2      | Reached XP level 4. HP: 40/40 MP: 3/3
  1310 | D:2      | Found a glowing silver altar of Zin.
  2203 | D:3      | Reached skill level 5 in Maces & Flails
  2356 | D:3      | Found a large runed translucent door.
  2478 | D:3      | Reached XP level 5. HP: 34/47 MP: 4/4
  2655 | D:3      | Found a large runed translucent door.
  2657 | D:3      | Noticed senseless's ghost (amateur DrTm)
  2804 | D:3      | Found a basalt altar of Yredelemnul.
  3189 | D:4      | Reached XP level 6. HP: 50/55 MP: 5/5
  3600 | D:4      | Reached skill level 5 in Fighting
  3719 | D:4      | Reached *** piety under Trog
  3732 | D:4      | Reached skill level 6 in Maces & Flails
  3758 | D:4      | Noticed Robin
  3780 | D:4      | Killed Robin
  4068 | D:5      | Entered Level 5 of the Dungeon
  4178 | D:5      | Noticed an ice beast
  4195 | D:5      | Killed an ice beast
  4293 | D:5      | Found an opulent altar of Gozag.
  4380 | D:5      | Reached XP level 7. HP: 55/61 MP: 6/6
  4466 | D:5      | Found a hazy altar of Hepliaklqana.
  4633 | D:6      | Found a blossoming altar of Fedhas.
  4646 | D:6      | Noticed a yak
  4646 | D:6      | Noticed a yak
  4646 | D:6      | Noticed a yak
  4661 | D:6      | Killed a yak
  4662 | D:6      | Reached skill level 7 in Maces & Flails
  4665 | D:6      | Killed a yak
  4666 | D:6      | Reached skill level 5 in Armour
  4673 | D:6      | Killed a yak
  4776 | D:6      | Reached skill level 5 in Dodging
  4776 | D:6      | Reached XP level 8. HP: 61/70 MP: 7/7
  4812 | D:6      | Found a glowing golden altar of the Shining One.
  5095 | D:6      | Reached skill level 8 in Maces & Flails
  5371 | D:6      | Reached skill level 1 in Shields
  5625 | D:6      | Found Ruwerur's Tremendous Tomes.
  5697 | D:6      | Reached **** piety under Trog
  5698 | D:6      | Reached skill level 9 in Maces & Flails
  5936 | D:6      | Found Ahakkak's Assorted Antiques.
  5940 | D:6      | Bought a scorched morningstar for 153 gold pieces
  5940 | D:6      | Identified the +3 morningstar "Pugerofak" {flame, rPois rF+
                  | rN+ Dex-3} (You bought it in a shop on level 6 of the
                  | Dungeon)
  7376 | D:7      | Found a staircase to the Ecumenical Temple.
  7396 | D:7      | Reached XP level 9. HP: 79/79 MP: 8/8
  7707 | D:7      | Found a sparkling altar of Nemelex Xobeh.
  7821 | D:7      | Noticed Prince Ribbit
  7830 | D:7      | Killed Prince Ribbit
  8322 | D:8      | Noticed a moth of wrath
  8331 | D:8      | Noticed nono's ghost (journeyman FoCA)
  8407 | D:8      | Found a transporter.
  8412 | D:8      | Found a transporter.
  8504 | D:8      | Reached skill level 5 in Shields
  8522 | D:8      | Reached skill level 10 in Maces & Flails
  8748 | D:8      | Noticed Gastronok
  8759 | D:8      | Killed Gastronok
  8760 | D:8      | Reached XP level 10. HP: 74/88 MP: 9/9
  9155 | D:9      | Noticed Torious's ghost (journeyman DECj)
  9155 | D:9      | Found a runed translucent door.
  9156 | D:9      | Noticed a two-headed ogre
  9163 | D:9      | Killed a two-headed ogre
  9164 | D:9      | Reached skill level 11 in Maces & Flails
 10198 | D:9      | Found a staircase to the Lair.
 10667 | D:9      | Identified the +1 robe of Yqoten {rF+}
 10679 | D:9      | Noticed a boulder beetle
 10687 | D:9      | Noticed a four-headed hydra
 10688 | D:9      | Noticed a centaur warrior
 10689 | D:9      | Killed a boulder beetle
 10690 | D:9      | Reached skill level 12 in Maces & Flails
 10690 | D:9      | Reached XP level 11. HP: 51/97 MP: 10/10
 10699 | D:9      | Killed a four-headed hydra
 10705 | D:9      | Killed a centaur warrior
 10912 | D:9      | Identified the +7 quarterstaff of Watchfulness {speed,
                  | rElec rF+ Str+3 Dex-3}
 11012 | D:10     | Entered Level 10 of the Dungeon
 11012 | D:10     | Noticed Psyche
 11012 | D:10     | Found a shimmering altar of Xom.
 11023 | D:9      | Killed Psyche
 11039 | D:10     | Noticed a centaur warrior
 11049 | D:10     | Killed a centaur warrior
 11304 | D:10     | Found a white marble altar of Elyvilon.
 11385 | D:10     | Reached ***** piety under Trog
 11471 | D:10     | Found a burning altar of Makhleb.
 11755 | D:11     | Noticed Lodul
 11765 | D:11     | Killed Lodul
 11766 | D:11     | Reached skill level 13 in Maces & Flails
 11937 | D:11     | Noticed a two-headed ogre
 11948 | D:11     | Killed a two-headed ogre
 11949 | D:11     | Reached skill level 10 in Fighting
 12448 | D:11     | Reached skill level 10 in Armour
 12482 | D:11     | Found a staircase to the Orcish Mines.
 12655 | D:11     | Reached XP level 12. HP: 107/107 MP: 11/11
 12775 | D:11     | Reached skill level 10 in Shields
 12954 | D:12     | Noticed Maurice
 12968 | D:12     | Reached skill level 14 in Maces & Flails
 12971 | D:12     | Killed Maurice
 13096 | D:12     | Found Poesuc's Weapon Boutique.
 13134 | D:12     | Noticed a two-headed ogre
 13142 | D:12     | Killed a two-headed ogre
 13233 | D:12     | Identified the +0 helmet of Death's Door {Str+4}
 13617 | D:13     | Received a gift from Trog
 13897 | D:13     | Noticed a centaur warrior
 13903 | D:13     | Killed a centaur warrior
 13919 | D:13     | Noticed a centaur warrior
 13928 | D:13     | Killed a centaur warrior
 14136 | D:13     | Noticed an ogre mage
 14136 | D:13     | Noticed a two-headed ogre
 14137 | D:13     | Noticed a two-headed ogre
 14140 | D:13     | Killed a two-headed ogre
 14141 | D:13     | Reached skill level 15 in Maces & Flails
 14149 | D:13     | Killed a two-headed ogre
 14151 | D:13     | Killed an ogre mage
 14397 | D:13     | Found a gate to the Vaults.
 14477 | D:13     | Found a stormy altar of Qazlal.
 14531 | D:13     | Noticed a boulder beetle
 14539 | D:13     | Killed a boulder beetle
 14786 | D:14     | Noticed a catoblepas
 14845 | D:14     | Noticed a boulder beetle
 14848 | D:14     | Killed a catoblepas
 14849 | D:14     | Reached skill level 10 in Dodging
 14857 | D:14     | Killed a boulder beetle
 14928 | D:14     | Noticed a centaur warrior
 14937 | D:14     | Killed a centaur warrior
 15117 | D:14     | Noticed Snorg
 15132 | D:14     | Killed Snorg
 15133 | D:14     | Reached XP level 13. HP: 116/116 MP: 12/12
 15400 | D:14     | Found an ancient bone altar of Kikubaaqudgha.
 15807 | D:14     | Reached skill level 16 in Maces & Flails
 15856 | D:14     | Reached skill level 1 in Evocations
 16899 | D:15     | Entered Level 15 of the Dungeon
 17249 | D:15     | Received a gift from Trog
 17254 | D:15     | Reached XP level 14. HP: 127/127 MP: 13/13
 17333 | D:15     | HP: 6/129 [ettin/+0 dire flail (29)]
 17337 | D:15     | Annihilated by an ettin

Illustrated notes

Levels and vault maps discovered:
D:1:      spicycebolla_green_bress_n_ham_2, layout_basic,
          shapermc_ecumenical_altar_mp_ritualfount, serial_shops,
          nicolae_shop_statue_plus, chequers_serial_rivers_small_b,
          roderic_lattice_a
D:2:      wad_river_or_something, layout_loops_ring, basic_altar
D:3:      layout_loops_cross, mainiacjoe_overflow_six_doors_small,
          ebering_ghost_disaster_area
D:4:      layout_basic, chequers_serial_rivers_marsh, uniq_robin
D:5:      layout_rooms, mainiacjoe_overflow_alcove_1, nzn_hepliaklqana_mist_gate
D:6:      layout_loops_ring, lemuel_tele_altar, nicolae_tso_swordbearing_angel,
          serial_shops, nicolae_shop_back_alley_shop,
          nicolae_shop_i_like_big_books
D:7:      layout_basic, lemuel_doored_altar,
          minmay_temple_entry_statues_pillars, hex_tiny, uniq_prince_ribbit1
D:8:      layout_loops_corners, gammafunk_ghost_berserking_beasts,
          uniq_gastronok
D:9:      layout_basic, grunt_lair_entry_orc_guard_hut, hellmonk_ghost_big_iron,
          minmay_fractal_squares_gapless_7
D:10:     layout_big_octagon, elyvilon_altar_3, xom_butterflies,
          mainiacjoe_overflow_boulevard, minivault_1, minmay_misc_feat_columns,
          uniq_psyche
D:11:     layout_roguey [special_room_orc], orc_0_dummy, the_hattery, uniq_lodul
D:12:     layout_basic, serial_shops, nicolae_shop_bloodbath_and_beyond,
          uniq_maurice
D:13:     layout_loops_ring, david_vaults_2, wad_floor_pattern_untrapped,
          grunt_qazlal_clouds
D:14:     minmay_imperfect_grid, layout_long_grid, minmay_misc_feat_nine_boxes,
          nicolae_kikubaaqudgha_miasma_corner, uniq_snorg
D:15:     hangedman_depths_entry_civil_slaughter, layout_grid_maze,
          hangedman_abyss_or_decor_stabs, uniq_josephine, uniq_azrael

Skill      XL: |  1  2  3  4  5  6  7  8  9 10 11 12 13 14 |
---------------+-------------------------------------------+-----
Maces & Flails | 4 5 6 7 9 10 12 13 15 16 | 16.0
Fighting       | 4 5 6 7 8 9 10 11 12 13 | 13.0
Armour         | 3 4 5 6 7 8 10 11 12 | 12.6
Dodging        | 3 4 5 6 7 9 10 11 | 11.4
Shields        | 3 6 8 9 11 12 | 12.5
Evocations     | 3 |  3.7

Action                     |  1- 3 |  4- 6 |  7- 9 | 10-12 | 13-15 || total
---------------------------+-------+-------+-------+-------+-------++-------
  Melee: Mace              |    74 |   197 |    72 |       |       ||   343
         Headbutt          |     7 |    14 |    32 |    77 |    67 ||   197
         Punch             |       |     5 |       |       |       ||     5
         Morningstar       |       |       |    64 |   441 |   264 ||   769
         Flail             |       |       |    24 |       |       ||    24
 Invoke: Berserk           |       |     2 |       |     6 |     2 ||    10
         Trog's Hand       |       |       |       |     1 |     2 ||     3
  Evoke: Wand              |       |       |       |     2 |     3 ||     5
         Box of beasts     |       |       |       |       |     1 ||     1
    Use: Scroll            |       |     2 |     9 |     6 |     3 ||    20
         Potion            |       |     2 |     3 |     3 |     3 ||    11
   Stab: Paralysed         |       |       |       |     3 |       ||     3
 Armour: Animal skin       |     5 |       |       |       |       ||     5
         Ring mail         |    35 |    83 |       |       |       ||   118
         Skin              |       |    20 |       |       |       ||    20
         Scale mail        |       |       |    29 |       |       ||    29
         Plate armour      |       |       |       |   174 |   100 ||   274
         Chain mail        |       |       |       |    43 |       ||    43
  Dodge: Dodged            |    52 |   118 |    67 |   207 |   100 ||   544
  Block: Kite shield       |       |       |    34 |   192 |   114 ||   340

Table legend: (Time is in decaauts)
 A = Elapsed time spent in this place.
 B = Non-inter-level travel time spent in this place.
 C = Inter-level travel time spent in this place.
 D = Time resting spent in this place.
 E = Time spent auto-exploring this place.
 F = Levels seen in this place.
 G = Mean time per level.
                   A        B        C        D        E       F      G
               +--------+--------+--------+--------+--------+-----+--------+
         Total |  17341 |  16308 |   1033 |   4294 |   3130 |  15 | 1156.1 |
       Dungeon |  17341 |  16308 |   1033 |   4294 |   3130 |  15 | 1156.1 |
               +--------+--------+--------+--------+--------+-----+--------+

Top non-repeatable levels by time:
     D:6: 2317 daAuts
    D:14: 1811 daAuts
     D:9: 1547 daAuts
    D:13: 1470 daAuts
     D:7: 1330 daAuts
     D:8: 1229 daAuts
    D:11: 1176 daAuts
     D:2: 1107 daAuts
     D:4: 1027 daAuts
     D:3: 995 daAuts
     D:1: 991 daAuts
    D:10: 700 daAuts
    D:12: 650 daAuts
     D:5: 557 daAuts
    D:15: 429 daAuts
